 Dungeon Crawl Stone Soup version 0.28-a0-563-gf77a47075d (webtiles) character file.

Game seed: 11867791882441967231

361 iamoutofideas the Cleaver (level 6, 0/52 HPs)
             Began as a Hill Orc Gladiator on Oct 1, 2021.
             Slain by a mummy (6 damage)
             ... in an ossuary.
             The game lasted 00:04:21 (3670 turns).

iamoutofideas the Cleaver (Hill Orc Gladiator)      Turns: 3670, Time: 00:04:22

Health: 0/52       AC:  5    Str: 19    XL:     6   Next: 66%
Magic:  6/6        EV: 12    Int:  8    God:
Gold:   24         SH:  0    Dex: 18    Spells: 5/5 levels left

rFire   . . .      SeeInvis .   a - +0 war axe
rCold   . . .      Faith    .   (no shield)
rNeg    . . .      Spirit   .   b - +0 leather armour
rPois   .          Reflect  .   c - +0 helmet
rElec   .          Harm     .   (no cloak)
rCorr   .          Rampage  .   k - +0 pair of gloves
Will    .....                   (no boots)
Stlth   +.........              (no amulet)
HPRegen 0.17/turn               f - +6 ring of dexterity
MPRegen 0.10/turn               (no ring)

@: no status effects
A: no striking features
a: no special abilities


You were in an ossuary.
You visited 1 branch of the dungeon, and saw 4 of its levels.
You also visited: Ossuary.

You collected 77 gold pieces.
You spent 53 gold pieces at shops.

Inventory:

Hand Weapons
 a - a +0 war axe (weapon)
Missiles
 d - 3 throwing nets (quivered)
Armour
 b - a +0 leather armour (worn)
 c - a +0 helmet (worn)
 k - a +0 pair of gloves (worn)
Jewellery
 f - a +6 ring of dexterity (left hand)
Scrolls
 g - a scroll of teleportation
 h - 6 scrolls of identify
Potions
 e - 2 potions of heal wounds {unknown}
 i - a potion of brilliance {unknown}
 j - a potion of invisibility {unknown}
 l - a potion of cancellation {unknown}
 m - 4 potions of curing
 n - a potion of flight {unknown}
 o - a potion of lignification {unknown}
 p - a potion of haste {unknown}
 q - 2 potions of ambrosia {unknown}
 r - a potion of degeneration {unknown}


   Skills:
 + Level 4.2 Fighting
 + Level 8.6 Axes
 - Level 1.8 Throwing
 - Level 2.5 Dodging


You had 5 spell levels left.
You didn't know any spells.
Your spell library contained the following spells:

 Spells                   Type           Power      Damage    Failure   Level
 Pain                     Necr           0%         1d4       45%         1
 Agony                    Necr           0%         N/A       100%        5
 Excruciating Wounds      Necr           0%         N/A       100%        5


Dungeon Overview and Level Annotations

Branches:
Dungeon (4/15)            Ossuary (1/1)
 Temple: D:4-7

Altars:
Wu Jian

Shops:
D:3 ((*:!


Message History

The goblin skeleton misses you.
There is an open door here.
You hit the goblin skeleton.
The goblin skeleton is severely damaged.
The goblin skeleton closely misses you.
You slash the goblin skeleton!
You destroy the goblin skeleton!
No target in view!
No target in view!
As you open the door, it creaks loudly!
A mummy comes into view.
A mummy opens the door.
Found 2 brown potions and a potion of curing.
There are monsters nearby!
There is an open door here.
There are monsters nearby!
You barely miss the mummy. The mummy hits you!
There are monsters nearby!
You slash the mummy!
The mummy is heavily damaged.
The mummy hits you!
You hit the mummy.
The mummy is severely damaged.
You completely miss the mummy.
The mummy is severely damaged.
The mummy barely misses you.
You barely miss the mummy.
The mummy is severely damaged.
The mummy hits you.
You hit the mummy.
The mummy is severely damaged.
You hit the mummy. You hit the mummy but do no damage.
The mummy is severely damaged.
You hit the mummy but do no damage. The mummy hits you! x2
* * * LOW HITPOINT WARNING * * *
You hit the mummy but do no damage.
The mummy is severely damaged.
You hit the mummy. The mummy barely misses you. The mummy hits you.
You die...

#+# #.#
##.# !.#
#M# #@#
#+#
#M####.##
#..##...#
##..'...+
#'##...#
!##+.##
## #'#
#.## #..#


You could see 2 mummies.

Vanquished Creatures
  2 elf skeletons (D:4)
  A hound (D:3)
  2 human skeletons (D:4)
  3 mummies (Ossuary)
  A gnoll (D:1)
  4 adders (D:2)
  2 dart slugs
  12 ball pythons
  5 endoplasms
  3 giant cockroaches
  9 goblins
  5 hobgoblins
  3 quokkas
  9 bats
  4 frilled lizards
  A giant cockroach zombie (D:3)
  2 goblin skeletons (Ossuary)
  2 kobolds
  A kobold skeleton (Ossuary)
  An orc skeleton (D:4)
  An orc zombie (D:4)
  7 rats
  11 rat skeletons (Ossuary)
91 creatures vanquished.

Vanquished Creatures (others)
  2 plants (D:1)
2 creatures vanquished.

Grand Total: 93 creatures vanquished

Notes
Turn   | Place    | Note
-------+----------+-------------------------------------------
     0 | D:1      | iamoutofideas the Hill Orc Gladiator began the quest for
                  | the Orb.
     0 | D:1      | Reached XP level 1. HP: 18/18 MP: 1/1
   270 | D:1      | Reached XP level 2. HP: 24/25 MP: 2/2
   756 | D:2      | Reached skill level 5 in Axes
   773 | D:2      | Reached XP level 3. HP: 30/30 MP: 3/3
  1008 | D:1      | You fall into a shaft and drop 1 floor!
  1409 | D:2      | Reached XP level 4. HP: 28/38 MP: 4/4
  1516 | D:2      | Reached skill level 6 in Axes
  1861 | D:1      | Found a faded altar of an unknown god.
  1876 | D:1      | Reached XP level 5. HP: 43/45 MP: 5/5
  2409 | D:3      | Found Yskeish's Weapon Boutique.
  2420 | D:3      | Found Cikhlic's General Store.
  2427 | D:3      | Bought a scroll of identify for 20 gold pieces
  2458 | D:3      | Found Zoit's Antique Weapon Emporium.
  2686 | D:3      | Found Liekuare's Book Boutique.
  2710 | D:3      | Reached skill level 7 in Axes
  2740 | D:3      | Found an ornate altar of the Wu Jian Council.
  2904 | D:3      | Found Jifuukoj's Distillery.
  2916 | D:3      | Bought a potion of curing for 33 gold pieces
  3132 | D:4      | Found a sand-covered staircase.
  3140 | D:4      | Reached XP level 6. HP: 34/52 MP: 6/6
  3171 | D:4      | Reached skill level 8 in Axes
  3342 | Ossuary  | Entered an ossuary
  3670 | Ossuary  | Slain by a mummy

Illustrated notes

Levels and vault maps discovered:
D:1:      giann_bridges, layout_basic, ebering_ecumenical_altar_hall
D:2:      layout_rooms, serial_glass, glass_columns_a, glass_columns_a,
          minmay_quadrilaterals
D:3:      kb_forest_paths, layout_basic, nicolae_wu_jian_immortal_techniques,
          serial_shops, nicolae_square_shop, shop, shop, nicolae_lakefront_shop,
          nicolae_shop_trees
D:4:      layout_loops_cross, kennysheep_orc_sif_temple, fedhas_altar_3,
          amcnicky_altar_gilded, nicolae_ossuary_entry_catacombs,
          kennysheep_generic_room_12
Ossuary:  ossuary_due_small_catacomb

Skill      XL: |  1  2  3  4  5  6 |
---------------+-------------------+-----
Axes           | 5 6 7 8 |  8.6
Fighting       | 3 4 |  4.2
Throwing       | |  1.8
Dodging        | |  2.5

Action                   |  1- 3 |  4- 6 || total
-------------------------+-------+-------++-------
Melee: War axe           |   103 |   159 ||   262
  Use: Scroll            |     1 |     1 ||     2
 Stab: Sleeping          |       |     3 ||     3
Armor: Leather armour    |    43 |    38 ||    81
Dodge: Dodged            |    96 |    74 ||   170

Table legend: (Time is in decaauts)
 A = Elapsed time spent in this place.
 B = Non-inter-level travel time spent in this place.
 C = Inter-level travel time spent in this place.
 D = Time resting spent in this place.
 E = Time spent auto-exploring this place.
 F = Levels seen in this place.
 G = Mean time per level.
                   A        B        C        D        E       F      G
               +--------+--------+--------+--------+--------+-----+--------+
         Total |   3729 |   3573 |    156 |    827 |   1898 |   5 |  745.8 |
       Dungeon |   3397 |   3241 |    156 |    680 |   1805 |   4 |  849.2 |
       Ossuary |    331 |    331 |      0 |    147 |     93 |   1 |  331.0 |
               +--------+--------+--------+--------+--------+-----+--------+

Top non-repeatable levels by time:
     D:1: 1331 daAuts
     D:3: 925 daAuts
     D:2: 765 daAuts
     D:4: 374 daAuts
 Ossuary: 331 daAuts
